 Dungeon Crawl Stone Soup version 0.27.1-33-g824d729ab1 (webtiles) character file.

Game seed: 13882625257948477405

330 pkoi the Ruffian (level 6, -1/51 HPs)
             Began as a Draconian Monk on Dec 28, 2021.
             Slain by an ogre (28 damage)
             ... on level 4 of the Dungeon.
             The game lasted 00:05:13 (4462 turns).

pkoi the Ruffian (Draconian Monk)                   Turns: 4462, Time: 00:05:14

Health: -1/51      AC:  6    Str: 14      XL:     6   Next: 26%
Magic:  6/6        EV: 12    Int: 10 (12) God:
Gold:   116        SH:  0    Dex: 12 (13) Spells: 5/5 levels left

rFire    . . .     SeeInvis .     - Unarmed
rCold    . . .     Faith    .   (no shield)
rNeg     . . .     Spirit   .   (armour unavailable)
rPois    .         Reflect  .   (helmet restricted)
rElec    .         Harm     .   (no cloak)
rCorr    .         Rampage  .   (no gloves)
Will     .....                  (no boots)
Stlth    ++........             (no amulet)
HPRegen  0.17/turn              d - ring of flight
MPRegen  0.10/turn              (no ring)

@: flying
A: AC +6, unfitting armour, cold-blooded
a: no special abilities


You were on level 4 of the Dungeon.
You visited 1 branch of the dungeon, and saw 4 of its levels.

You collected 116 gold pieces.

Inventory:

Hand Weapons
 b - a +3 short sword of venom
 m - a +0 dagger of venom
Missiles
 c - a throwing net (quivered)
Jewellery
 d - a ring of flight (left hand)
Scrolls
 a - 2 scrolls of fog {unknown}
 f - a scroll of amnesia {unknown}
 h - 2 scrolls of noise {unknown}
Potions
 e - a potion of lignification
 g - a potion of mutation {unknown}
 i - a potion of flight {unknown}
 j - 2 potions of curing
 l - a potion of berserk rage {unknown}
 n - a potion of attraction {unknown}


   Skills:
 - Level 3.2 Fighting
 - Level 2.6 Dodging
 - Level 1.7 Stealth
 + Level 7.1 Unarmed Combat


You had 5 spell levels left.
You didn't know any spells.
Your spell library was empty.

Dungeon Overview and Level Annotations

Branches:
Dungeon (4/15)
 Temple: D:4-7

Altars:

Shops:
D:2 :


Innate Abilities, Weirdness & Mutations

Your plain brown scales are hard. (AC +6)
You cannot fit into any form of body armour.
You are cold-blooded and may be slowed by cold attacks.


Message History

Your +2 short sword of venom glows red for a moment.
As you read the scroll labelled VUWAELINAPN, it crumbles to dust.
You feel strangely unstable.
It was a scroll of teleportation.
The goblin closely misses you.
You hit the goblin.
You kill the goblin!
Your surroundings suddenly seem different.
Found a stone staircase leading down.
An ogre comes into view. It is wielding a +0 giant club.
The ogre shouts!
An ogre is nearby!
An ogre is nearby!
You barely miss the ogre. The ogre closely misses you.
You punch the ogre!
The ogre is heavily wounded.
You hit the ogre.
Your tail-slap misses the ogre.
The ogre is severely wounded.
The ogre hits you with a +0 giant club!!
You are too injured to fight recklessly!
You are too injured to fight recklessly!
You are too injured to fight recklessly!
You are too injured to fight recklessly!
You are too injured to fight recklessly!
You are too injured to fight recklessly!
You are too injured to fight recklessly!
You are too injured to fight recklessly!
You are too injured to fight recklessly!
You are too injured to fight recklessly!
You are too injured to fight recklessly!
You are too injured to fight recklessly!
You barely miss the ogre.
The ogre is severely wounded.
The ogre barely misses you.
You hit the ogre.
The ogre is severely wounded.
You hit the ogre.
The ogre is almost dead.
The ogre hits you with a +0 giant club!!
Ouch! That really hurt!
You die...

#.##..#.#########
###.###.#.#
..#.....#.#
#.#####...#
#.#.......#
#.#.##....#
#.#.....#>#
#O###...###
#.@.....#
#####.......
#.#####.. #.# ..#
###


You could see an ogre.

Vanquished Creatures
  Terence (D:3)
  Natasha (thrice) (D:2)
  2 orc wizards (D:2)
  Robin (D:2)
  4 gnolls
  4 adders
  A worm (D:2)
  A dart slug (D:2)
  2 orcs (D:2)
  7 ball pythons
  4 endoplasms
  2 giant cockroaches
  20 goblins
  12 hobgoblins
  6 quokkas
  4 bats
  5 frilled lizards
  3 kobolds
  10 rats
92 creatures vanquished.

Vanquished Creatures (others)
  A withered plant (D:3)
1 creature vanquished.

Grand Total: 93 creatures vanquished

Notes
Turn   | Place    | Note
-------+----------+-------------------------------------------
     0 | D:1      | pkoi the Draconian Monk began the quest for the Orb.
     0 | D:1      | Reached XP level 1. HP: 19/19 MP: 1/1
    82 | D:1      | Reached XP level 2. HP: 17/26 MP: 2/2
   688 | D:1      | Reached skill level 4 in Unarmed Combat
   792 | D:2      | Reached XP level 3. HP: 31/31 MP: 3/3
   988 | D:2      | Noticed Natasha
  1001 | D:2      | Killed Natasha
  1020 | D:2      | Noticed Natasha
  1037 | D:2      | Killed Natasha
  1038 | D:2      | Reached skill level 5 in Unarmed Combat
  1038 | D:2      | Reached XP level 4. HP: 24/38 MP: 4/4
  1251 | D:2      | Noticed Robin
  1629 | D:2      | Noticed Natasha
  1664 | D:2      | Killed Natasha
  1665 | D:2      | Reached XP level 5. HP: 11/45 MP: 5/5
  2115 | D:2      | Found Uguwou Yduba's Book Boutique.
  2520 | D:2      | Killed Robin
  2521 | D:2      | Reached skill level 6 in Unarmed Combat
  3425 | D:3      | Reached XP level 6. HP: 31/51 MP: 6/6
  3598 | D:3      | Noticed Terence
  3608 | D:3      | Killed Terence
  3832 | D:3      | Reached skill level 7 in Unarmed Combat
  4181 | D:3      | Found a faded altar of an unknown god.
  4462 | D:4      | Slain by an ogre

Illustrated notes

Levels and vault maps discovered:
D:1:      amcnicky_arrival_choice, layout_rooms
D:2:      layout_loops_corners, serial_shops, shop, uniq_natasha, uniq_robin
D:3:      kennysheep_big_flooded_room, layout_basic,
          ebering_ecumenical_altar_petrified, chequers_mini_garden, uniq_terence
D:4:      layout_basic, uniq_edmund

Skill      XL: |  1  2  3  4  5  6 |
---------------+-------------------+-----
Unarmed Combat | 4 5 6 7 |  7.1
Fighting       | |  3.2
Dodging        | |  2.6
Stealth        | |  1.7

Action                   |  1- 3 |  4- 6 || total
-------------------------+-------+-------++-------
Melee: Unarmed           |   105 |   182 ||   287
       Tailslap          |    10 |    22 ||    32
       Punch             |     6 |     5 ||    11
       Dagger            |       |    41 ||    41
  Use: Potion            |       |     2 ||     2
       Scroll            |       |     2 ||     2
 Stab: Sleeping          |     3 |     7 ||    10
Armor: Skin              |    33 |    78 ||   111
Dodge: Dodged            |    63 |   149 ||   212
